Workbook

Sheet форма 6 СВМ (Август 2026)
A4: ИНФОРМАЦИЯ
A5: О НАЛИЧИИ (ОТСУТСТВИИ) ТЕХНИЧЕСКОЙ ВОЗМОЖНОСТИ ДОСТУПА К РЕГУЛИРУЕМЫМ УСЛУГАМ
A6: ПО ТРАНСПОРТИРОВКЕ ГАЗА ПО ГАЗОРАСПРЕДЕЛИТЕЛЬНЫМ СЕТЯМ
C7: ПО СРЕДНЕВИЛЮЙСКОМУ МЕСТОРОЖДЕНИЮ
A8: на Август 2026 года (факт)
A10: № п/п | B10: Наименование газораспреде- лительной сети | C10: Точка входа в газораспреде- лительную сеть | D10: Точка выхода из газораспреде- лительной сети | E10: Наименование потребителя | BB10: макс. Факт | BC10: Объемы газа в соответствии с поступившими заявками куб. м / ч | BD10: Объемы газа в соответствии с удовлетворен- ными заявками, куб. м./ч | BE10: Свободная мощность газораспреде- лительной сети, куб. м/ч | BG10: Номер группы газопотребления | BH10: Объемы газа в соответствии с поступившими заявками млн. куб. м | BI10: Объемы газа в соответствии с удовлетворен- ными заявками, млн. куб. м | BJ10: Свободная мощность газораспреде- лительной сети, млн. куб. м | BK10: Объемы газа в соответствии с поступившими заявками млн. куб. м | BL10: Объемы газа в соответствии с удовлетворен- ными заявками, млн. куб. м | BM10: Свободная мощность газораспреде- лительной сети, млн. куб. м | BN10: Объемы газа в соответствии с поступившими заявками млн. куб. м | BO10: Объемы газа в соответствии с удовлетворен- ными заявками, млн. куб. м | BP10: Свободная мощность газораспреде- лительной сети, млн. куб. м
A11: 1 | B11: 2 | C11: 1 | D11: 2 | E11: 3 | BC11: 8 | BD11: 9 | BE11: 10 | BG11: 4 | BH11: 5 | BI11: 6 | BJ11: 7 | BK11: 8 | BL11: 9 | BM11: 10 | BN11: 8 | BO11: 9 | BP11: 10
A12: 1 | B12: Н-Бестях ЖДЯ | C12: Н-Бестях ЖДЯ | D12: Н-Бестях ЖДЯ | AQ12: 10.082 | AR12: 3.85 | AS12: 27.366 | AT12: 3.5 | AU12: 2.614 | AV12: -1.307 | AY12: 16.756 | AZ12: 28.403 | BA12: 38.194 | BB12: =BB13+BB16 -> 65.852 | BC12: =BC13+BC16 -> 249.11 | BD12: =BD13+BD16 -> 88.510753 | BE12: =BE13+BE16 -> 160.59925 | BF12: =BF13+BF16 -> 138.91 | BH12: =BH13+BH16 -> 0.18533784 | BI12: =BI13+BI16 -> 0.065852 | BJ12: =BJ13+BJ16 -> 0.11948584 | BK12: 0.29486952 | BL12: 0.114582 | BM12: 0.18028752 | BN12: =BK12*4 -> 1.1794781 | BO12: =BL12*4 -> 0.458328 | BP12: =BM12*4 -> 0.72115008
E13: САХАНЕФТЕГАЗСБЫТ АО дог | AQ13: 10.082 | AR13: 3.85 | AS13: 27.366 | AT13: 3.5 | AU13: 2.614 | AV13: -1.307 | AY13: 16.756 | AZ13: 28.403 | BA13: 38.194 | BB13: =MAX(F13:BA13) -> 38.194 | BC13: 132.11 | BD13: =(BB13/31/24)*1000 -> 51.336022 | BE13: =BC13-BD13 -> 80.773978 | BF13: 132.11 | BG13: 6 | BH13: =(BC13*24*31/1000000) -> 0.09828984 | BI13: =(BD13*24*31/1000000) -> 0.038194 | BJ13: =BH13-BI13 -> 0.06009584 | BK13: 0.29486952 | BL13: 0.114582 | BM13: 0.18028752 | BN13: =BK13*4 -> 1.1794781 | BO13: =BL13*4 -> 0.458328 | BP13: =BM13*4 -> 0.72115008
E14: Ж/д станция Н-Бестях АГРС Прирельсовый (с/н) | AQ14: 10.082 | AS14: 15.388 | AT14: 0.5 | AY14: 8.141 | AZ14: 16.45 | BA14: 15.919 | BB14: =MAX(F14:BA14) -> 16.45 | BD14: =(BB14/31/24)*1000 -> 22.110215 | BH14: =(BC14*24*31/1000000) -> 0 | BI14: =(BD14*24*31/1000000) -> 0.01645 | BK14: 0 | BL14: 0 | BM14: 0 | BN14: =BK14*4 -> 0 | BO14: =BL14*4 -> 0 | BP14: =BM14*4 -> 0
E15: Ж/д станция Н-Бестях нефтегаз.комплекс котельная | AR15: 3.85 | AS15: 11.978 | AT15: 3 | AU15: 2.614 | AV15: -1.307 | AY15: 8.615 | AZ15: 11.953 | BA15: 22.275 | BB15: =MAX(F15:BA15) -> 22.275 | BD15: =(BB15/31/24)*1000 -> 29.939516 | BH15: =(BC15*24*31/1000000) -> 0 | BI15: =(BD15*24*31/1000000) -> 0.022275 | BK15: 0 | BL15: 0 | BM15: 0 | BN15: =BK15*4 -> 0 | BO15: =BL15*4 -> 0 | BP15: =BM15*4 -> 0
E16: АК ЖДЯ АО | AZ16: 0.236 | BA16: 2.259 | BB16: =SUM(BB17:BB18) -> 27.658 | BC16: =SUM(BC17:BC18) -> 117 | BD16: =(BB16/31/24)*1000 -> 37.174731 | BE16: =BC16-BD16 -> 79.825269 | BF16: 6.8 | BG16: 6 | BH16: =(BC16*24*31/1000000) -> 0.087048 | BI16: =(BD16*24*31/1000000) -> 0.027658 | BJ16: =BH16-BI16 -> 0.05939 | BK16: 0.0151776 | BL16: 0.006777 | BM16: 0.0084006 | BN16: =BK16*4 -> 0.0607104 | BO16: =BL16*4 -> 0.027108 | BP16: =BM16*4 -> 0.0336024
E17: РС(Я), Мегино-Кангаласский улус, ж/д станция "Нижний Бестях" Гараж на 26 машино мест | BB17: 16.015 | BC17: 117 | BD17: =(BB17/31/24)*1000 -> 21.525538 | BE17: =BC17-BD17 -> 95.474462 | BF17: 6.8 | BH17: =(BC17*24*31/1000000) -> 0.087048 | BI17: =(BD17*24*31/1000000) -> 0.016015 | BJ17: =BH17-BI17 -> 0.071033 | BK17: 0 | BL17: 0 | BM17: 0 | BN17: =BK17*4 -> 0 | BO17: =BL17*4 -> 0 | BP17: =BM17*4 -> 0
E18: РС(Я), Мегино-Кангаласский улус, п.Нижний Бестях,ж/д станция Н-Бестях (Крытый склад) | BB18: 11.643 | BD18: =(BB18/31/24)*1000 -> 15.649194
E19: АК ЖДЯ АО | BB19: 4.713984 | BC19: 23 | BD19: =(BB19/31/24)*1000 -> 6.336 | BE19: =BC19-BD19 -> 16.664 | BG19: 4 | BH19: =(BC19*24*31/1000000) -> 0.017112 | BI19: =(BD19*24*31/1000000) -> 0.004713984 | BJ19: =BH19-BI19 -> 0.012398016
E20: РС(Я) Мегино-Кангаласский у, Нерюктяйский наслег ст.Нижний Бестях ( ТЦ, 14:15:140003:185) | BB20: 4.713984 | BC20: 23 | BD20: =(BB20/31/24)*1000 -> 6.336 | BE20: =BC20-BD20 -> 16.664 | BH20: =(BC20*24*31/1000000) -> 0.017112 | BI20: =(BD20*24*31/1000000) -> 0.004713984 | BJ20: =BH20-BI20 -> 0.012398016
A21: 2 | B21: Арылах | C21: Арылах | D21: Арылах | F21: 72.627 | G21: 93.44 | H21: 117.588 | I21: 71.728 | K21: 46.984 | L21: 21.686 | M21: -30.988 | N21: 11.746 | O21: 44.617 | P21: 56.492 | Q21: 90.202 | R21: 99.598 | S21: 126.503 | T21: 131.374 | U21: 83.948 | V21: 59.63 | W21: 40.786 | X21: 10.35 | Y21: 3.966 | Z21: 8.976 | AA21: -87.803 | AB21: 35.39 | AC21: 88.869 | AD21: 106.838 | AE21: 112.865 | AF21: 94.311 | AG21: 80.39 | AH21: 49.365 | AI21: 42.534 | AJ21: 11.379 | AK21: 4.605 | AL21: 6.296 | AM21: 22.379 | AN21: 47.316 | AO21: 86.097 | AP21: 113.065 | AQ21: 125.04 | AR21: 102.515 | AS21: 85.499 | AT21: 60.066 | AU21: 33.773 | AV21: 12.036 | AW21: 5.034 | AX21: 12.8 | AY21: 20.7 | AZ21: 48.197 | BA21: 74.448 | BB21: =SUM(BB22,BB24,BB26,BB29,BB31,BB33,BB35) -> 153.0668 | BC21: =SUM(BC22,BC24,BC26,BC29,BC31,BC33,BC35) -> 474.212 | BD21: =SUM(BD22,BD24,BD26,BD29,BD31,BD33,BD35) -> 204.58199 | BE21: =SUM(BE22,BE24,BE26,BE29,BE31,BE33,BE35) -> 269.63001 | BF21: =SUM(BF22,BF24,BF26,BF29,BF31,BF33,BF35) -> 473.2 | BH21: =SUM(BH22,BH24,BH26,BH29,BH31,BH33,BH35) -> 0.35281373 | BI21: =SUM(BI22,BI24,BI26,BI29,BI31,BI33,BI35) -> 0.152209 | BJ21: =SUM(BJ22,BJ24,BJ26,BJ29,BJ31,BJ33,BJ35) -> 0.20060473 | BK21: 1.0557628 | BL21: 0.450918 | BM21: 0.60484478 | BN21: =BK21*4 -> 4.2230511 | BO21: =BL21*4 -> 1.803672 | BP21: =BM21*4 -> 2.4193791
E22: АЛМАЗ В РС (Я) ОО | AZ22: 0.236 | BA22: 2.259 | BB22: =MAX(F22:BA22) -> 2.259 | BC22: 6.8 | BD22: =(BB22/31/24)*1000 -> 3.0362903 | BE22: =BC22-BD22 -> 3.7637097 | BF22: 6.8 | BG22: 6 | BH22: =(BC22*24*31/1000000) -> 0.0050592 | BI22: =(BD22*24*31/1000000) -> 0.002259 | BJ22: =BH22-BI22 -> 0.0028002 | BK22: 0.0151776 | BL22: 0.006777 | BM22: 0.0084006 | BN22: =BK22*4 -> 0.0607104 | BO22: =BL22*4 -> 0.027108 | BP22: =BM22*4 -> 0.0336024
E23: с. Арылах, ул. Кюерелях | AZ23: 0.236 | BA23: 2.259 | BB23: =MAX(F23:BA23) -> 2.259 | BE23: =BC23-BD23 -> 0 | BF23: 6.8 | BH23: =(BC23*24*31/1000000) -> 0 | BI23: =(BD23*24*31/1000000) -> 0 | BJ23: =BH23-BI23 -> 0 | BK23: 0 | BL23: 0 | BM23: 0 | BN23: =BK23*4 -> 0 | BO23: =BL23*4 -> 0 | BP23: =BM23*4 -> 0
E24: ГБУ РС (Я) КЦРБ ИМ.ТЕРЕХОВОЙ М.Н. | F24: 2.849 | G24: 2.59 | H24: 1.557 | I24: 1.555 | K24: 0.667 | O24: 0.748 | P24: 1.141 | Q24: 2.059 | R24: 2.238 | S24: 3.7 | T24: 1.781 | U24: 1.738 | V24: 1.338 | W24: 0.675 | AA24: 0.319 | AC24: 3.776 | AD24: 3.174 | AE24: 3.12 | AF24: 2.383 | AG24: 2.255 | AH24: 0.86 | AI24: 0.678 | AN24: 1.125 | AO24: 1.863 | AP24: 2.646 | AQ24: 2.66 | AR24: 2.558 | AS24: 1.677 | AT24: 1.229 | AU24: 0.815 | AY24: 0.321 | AZ24: 0.775 | BA24: 1.695 | BB24: =MAX(F24:BA24) -> 3.776 | BC24: 5.075 | BD24: =(BB24/31/24)*1000 -> 5.0752688 | BE24: =BC24-BD24 -> -0.0002688172 | BF24: 4.24 | BG24: 6 | BH24: =(BC24*24*31/1000000) -> 0.0037758 | BI24: =(BD24*24*31/1000000) -> 0.003776 | BJ24: =BH24-BI24 -> -2e-07 | BK24: 0.0113274 | BL24: 0.011328 | BM24: -6e-07 | BN24: =BK24*4 -> 0.0453096 | BO24: =BL24*4 -> 0.045312 | BP24: =BM24*4 -> -2.4e-06
E25: с. Багадя, ул. Егорова 13 - ФАП | F25: 2.849 | G25: 2.59 | H25: 1.557 | I25: 1.555 | K25: 0.667 | O25: 0.748 | P25: 1.141 | Q25: 2.059 | R25: 2.238 | S25: 3.7 | T25: 1.781 | U25: 1.738 | V25: 1.338 | W25: 0.675 | AA25: 0.319 | AC25: 3.776 | AD25: 3.174 | AE25: 3.12 | AF25: 2.383 | AG25: 2.255 | AH25: 0.86 | AI25: 0.678 | AN25: 1.125 | AO25: 1.863 | AP25: 2.646 | AQ25: 2.66 | AR25: 2.558 | AS25: 1.677 | AT25: 1.229 | AU25: 0.815 | AY25: 0.321 | AZ25: 0.775 | BA25: 1.695 | BB25: =MAX(F25:BA25) -> 3.776 | BE25: =BC25-BD25 -> 0 | BF25: 4.24 | BH25: =(BC25*24*31/1000000) -> 0 | BI25: =(BD25*24*31/1000000) -> 0 | BJ25: =BH25-BI25 -> 0 | BK25: 0 | BL25: 0 | BM25: 0 | BN25: =BK25*4 -> 0 | BO25: =BL25*4 -> 0 | BP25: =BM25*4 -> 0
E26: ГУП ЖКХ РС(Я) | F26: 43.3 | G26: 35 | H26: 31.4 | I26: 22.249 | K26: 11.658 | O26: 13.144 | P26: 27.406 | Q26: 42.857 | R26: 44.605 | S26: 52.395 | T26: 48.084 | U26: 36.035 | V26: 20.088 | W26: 13.033 | AA26: -99.427 | AB26: 19.314 | AC26: 31.438 | AD26: 36.806 | AE26: 36.411 | AF26: 30.658 | AG26: 22.833 | AH26: 15.152 | AI26: 11.88 | AM26: 8.859 | AN26: 20.408 | AO26: 30.652 | AP26: 38.534 | AQ26: 38.248 | AR26: 32.216 | AS26: 28.196 | AT26: 17.978 | AU26: 10.097 | AY26: 8.426 | AZ26: 16.188 | BA26: 28.903 | BB26: =MAX(F26:BA26) -> 52.395 | BC26: 118.56 | BD26: =(BB26/31/24)*1000 -> 70.423387 | BE26: =BC26-BD26 -> 48.136613 | BF26: 118.56 | BG26: 6 | BH26: =(BC26*24*31/1000000) -> 0.08820864 | BI26: =(BD26*24*31/1000000) -> 0.052395 | BJ26: =BH26-BI26 -> 0.03581364 | BK26: 0.26462592 | BL26: 0.157185 | BM26: 0.10744092 | BN26: =BK26*4 -> 1.0585037 | BO26: =BL26*4 -> 0.62874 | BP26: =BM26*4 -> 0.42976368
E27: с. Арылах СДК | F27: 19.2 | G27: 15 | H27: 13.3 | I27: 8.841 | K27: 4.736 | O27: 6.032 | P27: 11.789 | Q27: 18.702 | R27: 20.566 | S27: 23.926 | T27: 21.744 | U27: 16.721 | V27: 9.483 | W27: 5.58 | AA27: -74.918 | AB27: 6.155 | AC27: 9.299 | AD27: 11.361 | AE27: 11.135 | AF27: 9.776 | AG27: 7.606 | AH27: 5.391 | AI27: 3.707 | AM27: 3.16 | AN27: 7.501 | AO27: 10.186 | AP27: 12.591 | AQ27: 12.396 | AR27: 10.786 | AS27: 9.541 | AT27: 6.561 | AU27: 3.954 | AY27: 3.181 | AZ27: 6.048 | BA27: 9.763 | BB27: =MAX(F27:BA27) -> 23.926 | BE27: =BC27-BD27 -> 0 | BF27: 41 | BH27: =(BC27*24*31/1000000) -> 0 | BI27: =(BD27*24*31/1000000) -> 0 | BJ27: =BH27-BI27 -> 0 | BK27: 0 | BL27: 0 | BM27: 0 | BN27: =BK27*4 -> 0 | BO27: =BL27*4 -> 0 | BP27: =BM27*4 -> 0
E28: с. Багаджа Центральная | F28: 24.1 | G28: 20 | H28: 18.1 | I28: 13.408 | K28: 6.922 | O28: 7.112 | P28: 15.617 | Q28: 24.155 | R28: 24.039 | S28: 28.469 | T28: 26.34 | U28: 19.314 | V28: 10.605 | W28: 7.453 | AA28: -24.509 | AB28: 13.159 | AC28: 22.139 | AD28: 25.445 | AE28: 25.276 | AF28: 20.882 | AG28: 15.227 | AH28: 9.761 | AI28: 8.173 | AM28: 5.699 | AN28: 12.907 | AO28: 20.466 | AP28: 25.943 | AQ28: 25.852 | AR28: 21.43 | AS28: 18.655 | AT28: 11.417 | AU28: 6.143 | AY28: 5.245 | AZ28: 10.14 | BA28: 19.14 | BB28: =MAX(F28:BA28) -> 28.469 | BD28: =(BB28/31/24)*1000 -> 38.264785 | BF28: 77.56 | BH28: =(BC28*24*31/1000000) -> 0 | BK28: 0 | BL28: 0.085407 | BN28: =BK28*4 -> 0 | BO28: =BL28*4 -> 0.341628 | BP28: =BM28*4 -> 0
E29: АДМИНИСТРАЦИЯ МО "ЛЮЧЧЕГИНСКИЙ 1-Й НАСЛЕГ" | AT29: 4.298 | AU29: 3.688 | AV29: 2.152 | AY29: 0.132 | AZ29: 0.687 | BA29: 1.204 | BB29: =MAX(F29:BA29) -> 4.298 | BC29: 5.777 | BD29: =(BB29/31/24)*1000 -> 5.7768817 | BE29: =BC29-BD29 -> 0.00011827957 | BF29: 5.6 | BG29: 6 | BH29: =(BC29*24*31/1000000) -> 0.004298088 | BI29: =(BD29*24*31/1000000) -> 0.004298 | BJ29: =BH29-BI29 -> 8.8e-08 | BK29: 0.012894264 | BL29: 0.012894 | BM29: 2.64e-07 | BN29: =BK29*4 -> 0.051577056 | BO29: =BL29*4 -> 0.051576 | BP29: =BM29*4 -> 1.056e-06
E30: РС(Я), Кобяйский улус, с. Багадя, ул. Егорова д. 5 | AT30: 4.298 | AU30: 3.688 | AV30: 2.152 | AY30: 0.132 | AZ30: 0.687 | BA30: 1.204 | BB30: =MAX(F30:BA30) -> 4.298 | BD30: =(BB30/31/24)*1000 -> 5.7768817 | BF30: 5.6 | BH30: =(BC30*24*31/1000000) -> 0 | BI30: =(BD30*24*31/1000000) -> 0.004298 | BK30: 0 | BL30: 0.012894 | BN30: =BK30*4 -> 0 | BO30: =BL30*4 -> 0.051576 | BP30: =BM30*4 -> 0
E31: ЖСХПККюерелях | F31: 2.123 | G31: 2.025 | H31: 1.467 | I31: 1.248 | K31: 0.132 | P31: 1.421 | Q31: 0.95 | R31: 2.113 | S31: 2.25 | T31: 1.19 | U31: 2.813 | V31: 1.581 | W31: 0.336 | AB31: 1.021 | AC31: 2.919 | AD31: 3.446 | AE31: 2.749 | AF31: 2.326 | AG31: 1.956 | AH31: 1.206 | AI31: 0.351 | BB31: =MAX(F31:BA31) -> 3.446 | BC31: 6.8 | BD31: =(BB31/31/24)*1000 -> 4.6317204 | BE31: =BC31-BD31 -> 2.1682796 | BF31: 6.8 | BG31: 6 | BH31: =(BC31*24*31/1000000) -> 0.0050592 | BI31: =(BD31*24*31/1000000) -> 0.003446 | BJ31: =BH31-BI31 -> 0.0016132 | BK31: 0.0151776 | BL31: 0.010338 | BM31: 0.0048396 | BN31: =BK31*4 -> 0.0607104 | BO31: =BL31*4 -> 0.041352 | BP31: =BM31*4 -> 0.0193584
E32: с. Арылах, ул. Кюерелях | F32: 2.123 | G32: 2.025 | H32: 1.467 | I32: 1.248 | K32: 0.132 | P32: 1.421 | Q32: 0.95 | R32: 2.113 | S32: 2.25 | T32: 1.19 | U32: 2.813 | V32: 1.581 | W32: 0.336 | AB32: 1.021 | AC32: 2.919 | AD32: 3.446 | AE32: 2.749 | AF32: 2.326 | AG32: 1.956 | AH32: 1.206 | AI32: 0.351 | BB32: =MAX(F32:BA32) -> 3.446 | BD32: =(BB32/31/24)*1000 -> 4.6317204 | BF32: 6.8 | BH32: =(BC32*24*31/1000000) -> 0 | BI32: =(BD32*24*31/1000000) -> 0.003446 | BK32: 0 | BL32: 0.010338 | BN32: =BK32*4 -> 0 | BO32: =BL32*4 -> 0.041352 | BP32: =BM32*4 -> 0
E33: Население - Мукучинский ЭУГХ | F33: 24.355 | G33: 53.825 | H33: 83.164 | I33: 46.676 | K33: 34.527 | L33: 21.686 | M33: -30.988 | N33: 11.746 | O33: 30.725 | P33: 26.524 | Q33: 44.336 | R33: 50.642 | S33: 68.158 | T33: 80.319 | U33: 43.362 | V33: 36.623 | W33: 26.742 | X33: 10.35 | Y33: 3.966 | Z33: 8.976 | AA33: 11.305 | AB33: 15.055 | AC33: 50.736 | AD33: 63.412 | AE33: 70.585 | AF33: 58.944 | AG33: 53.346 | AH33: 32.147 | AI33: 29.625 | AJ33: 11.379 | AK33: 4.605 | AL33: 6.296 | AM33: 13.52 | AN33: 25.783 | AO33: 53.582 | AP33: 71.885 | AQ33: 84.132 | AR33: 67.741 | AS33: 55.626 | AT33: 40.859 | AU33: 22.861 | AV33: 12.036 | AW33: 5.034 | AX33: 12.8 | AY33: 11.953 | AZ33: 30.998 | BA33: 41.591 | BB33: =BB34 -> 86 | BC33: 330 | BD33: =(BB33/31/24)*1000 -> 115.5914 | BE33: =BC33-BD33 -> 214.4086 | BF33: 330 | BG33: 8 | BH33: =(BC33*24*31/1000000) -> 0.24552 | BI33: =(BD33*24*31/1000000) -> 0.086 | BJ33: =BH33-BI33 -> 0.15952 | BK33: 0.73656 | BL33: 0.252396 | BM33: 0.484164 | BN33: =BK33*4 -> 2.94624 | BO33: =BL33*4 -> 1.009584 | BP33: =BM33*4 -> 1.936656
F34: 2.123 | G34: 2.025 | H34: 1.467 | I34: 1.248 | K34: 0.132 | P34: 1.421 | Q34: 0.95 | R34: 2.113 | S34: 2.25 | T34: 1.19 | U34: 2.813 | V34: 1.581 | W34: 0.336 | AB34: 1.021 | AC34: 2.919 | AD34: 3.446 | AE34: 2.749 | AF34: 2.326 | AG34: 1.956 | AH34: 1.206 | AI34: 0.351 | BB34: 86 | BD34: =(BB34/31/24)*1000 -> 115.5914 | BH34: =(BC34*24*31/1000000) -> 0 | BI34: =(BD34*24*31/1000000) -> 0.086 | BK34: 0 | BL34: 0.010338 | BN34: =BK34*4 -> 0 | BO34: =BL34*4 -> 0.041352 | BP34: =BM34*4 -> 0
E35: ДЕТСКИЙ САД №18 ЧУОРААНЧЫК МБДОУ | BB35: 0.8928 | BC35: 1.2 | BD35: 0.047043011 | BE35: =BC35-BD35 -> 1.152957 | BF35: 1.2 | BG35: 7 | BH35: =(BC35*24*31/1000000) -> 0.0008928 | BI35: =(BD35*24*31/1000000) -> 3.5e-05 | BJ35: =BH35-BI35 -> 0.0008578
E36: РС(Я), Кобяйский улус, Люкччегинский 1-й наслег, с.Багадя, ул.Егорова, д.2 | F36: 2.123 | G36: 2.025 | H36: 1.467 | I36: 1.248 | K36: 0.132 | P36: 1.421 | Q36: 0.95 | R36: 2.113 | S36: 2.25 | T36: 1.19 | U36: 2.813 | V36: 1.581 | W36: 0.336 | AB36: 1.021 | AC36: 2.919 | AD36: 3.446 | AE36: 2.749 | AF36: 2.326 | AG36: 1.956 | AH36: 1.206 | AI36: 0.351 | BB36: 0.8928 | BD36: =(BB36/31/24)*1000 -> 1.2 | BH36: =(BC36*24*31/1000000) -> 0 | BI36: =(BD36*24*31/1000000) -> 0.0008928 | BK36: 0 | BL36: 0.010338 | BN36: =BK36*4 -> 0 | BO36: =BL36*4 -> 0.041352 | BP36: =BM36*4 -> 0
A37: 3 | B37: Арыттаах | C37: Арыттаах | D37: Арыттаах | F37: 101.386 | G37: 87.124 | H37: 60.436 | I37: 82.481 | K37: 37.034 | L37: 26.36 | M37: 13.687 | N37: 24.045 | O37: 20.37 | P37: 54.026 | Q37: 66.828 | R37: 94.138 | S37: 119.08 | T37: 86.804 | U37: 93.8 | V37: 61.667 | W37: 44.677 | X37: 28.105 | Y37: 21.599 | Z37: 23.346 | AA37: 63.917 | AB37: 61.748 | AC37: 90.041 | AD37: 117.85 | AE37: 119.82 | AF37: 105.403 | AG37: 91.293 | AH37: 119.652 | AI37: 1.092 | AJ37: 21.367 | AK37: 16.716 | AL37: 17.122 | AM37: 32.541 | AN37: 58.841 | AO37: 95.284 | AP37: 115.609 | AQ37: 141.133 | AR37: 115.872 | AS37: 85.436 | AT37: 83.949 | AU37: 47.554 | AV37: 26.095 | AW37: 15.867 | AX37: 21.728 | AY37: 33.556 | AZ37: 46.56 | BA37: 85.852 | BB37: =SUM(BB38,BB41,BB43,BB45,BB47,BB49,BB51,BB52) -> 179.982 | BC37: =SUM(BC38,BC41,BC43,BC45,BC47,BC49,BC51,BC52) -> 541.049 | BD37: =SUM(BD38,BD41,BD43,BD45,BD47,BD49,BD51,BD52) -> 241.91129 | BE37: =SUM(BE38,BE41,BE43,BE45,BE47,BE49,BE51,BE52) -> 299.13771 | BF37: =SUM(BF38,BF41,BF43,BF45,BF47,BF49,BF51,BF52) -> 576.27 | BH37: =SUM(BH38,BH41,BH43,BH45,BH47,BH49,BH51,BH52) -> 0.40254046 | BI37: =SUM(BI38,BI41,BI43,BI45,BI47,BI49,BI51,BI52) -> 0.15941816 | BJ37: =SUM(BJ38,BJ41,BJ43,BJ45,BJ47,BJ49,BJ51,BJ52) -> 0.2431223 | BK37: 1.1964614 | BL37: 0.552204 | BM37: 0.64425737 | BN37: =BK37*4 -> 4.7858455 | BO37: =BL37*4 -> 2.208816 | BP37: =BM37*4 -> 2.5770295
E38: АДМИНИСТРАЦИЯ МО "АРЫКТАХСКИЙ НАСЛЕГ" | F38: 11.593 | G38: 1.218 | H38: 5.596 | I38: 5.698 | K38: 3.226 | O38: 0.224 | P38: 7.404 | Q38: 6.941 | R38: 1.153 | S38: 11.458 | T38: 8.353 | U38: 6.85 | V38: 0.533 | W38: 0.276 | Z38: 0.283 | AB38: 2.135 | AC38: 5.508 | AD38: 6.802 | AE38: 6.996 | AF38: 7.077 | AG38: 3.523 | AH38: 2.479 | AI38: 2.107 | AJ38: 0.38 | AM38: 0.205 | AN38: 2.52 | AO38: 5.91 | AP38: 7.539 | AQ38: 7.164 | AR38: 6.246 | AS38: 6.759 | AT38: 2.943 | AU38: 1.562 | AY38: 0.712 | AZ38: 2.869 | BA38: 6.327 | BB38: =BB39+BB40 -> 11.788 | BC38: 15.844 | BD38: =(BB38/31/24)*1000 -> 15.844086 | BE38: =BC38-BD38 -> -8.6021505e-05 | BF38: 10.32 | BG38: 6 | BH38: =(BC38*24*31/1000000) -> 0.011787936 | BI38: =(BD38*24*31/1000000) -> 0.011788 | BJ38: =BH38-BI38 -> -6.4e-08 | BK38: 0.035363808 | BL38: 0.035364 | BM38: -1.92e-07 | BN38: =BK38*4 -> 0.14145523 | BO38: =BL38*4 -> 0.141456 | BP38: =BM38*4 -> -7.68e-07
E39: с. Арыктах, ул.Ниджили 24, спортзал | F39: 10 | H39: 5 | I39: 5 | K39: 3 | P39: 7 | Q39: 6 | S39: 10 | T39: 7 | U39: 6 | AB39: 1.43 | AC39: 4.604 | AD39: 5.523 | AE39: 5.954 | AF39: 5.917 | AG39: 2.978 | AH39: 2.085 | AI39: 1.782 | AJ39: 0.241 | AN39: 1.915 | AO39: 4.619 | AP39: 5.751 | AQ39: 5.394 | AR39: 4.718 | AS39: 5.147 | AT39: 2.192 | AU39: 1.088 | AY39: 0.265 | AZ39: 2.149 | BA39: 4.804 | BB39: =MAX(F39:BA39) -> 10 | BE39: =BC39-BD39 -> 0 | BF39: 8.2 | BH39: =(BC39*24*31/1000000) -> 0 | BI39: =(BD39*24*31/1000000) -> 0 | BJ39: =BH39-BI39 -> 0 | BK39: 0 | BL39: 0 | BM39: 0 | BN39: =BK39*4 -> 0 | BO39: =BL39*4 -> 0 | BP39: =BM39*4 -> 0
E40: с. Арыктах, ул.Ниджили д. 27 административное здание | F40: 1.593 | G40: 1.218 | H40: 0.596 | I40: 0.698 | K40: 0.226 | O40: 0.224 | P40: 0.404 | Q40: 0.941 | R40: 1.153 | S40: 1.458 | T40: 1.353 | U40: 0.85 | V40: 0.533 | W40: 0.276 | Z40: 0.283 | AB40: 0.705 | AC40: 0.904 | AD40: 1.279 | AE40: 1.042 | AF40: 1.16 | AG40: 0.545 | AH40: 0.394 | AI40: 0.325 | AJ40: 0.139 | AM40: 0.205 | AN40: 0.605 | AO40: 1.291 | AP40: 1.788 | AQ40: 1.77 | AR40: 1.528 | AS40: 1.612 | AT40: 0.751 | AU40: 0.474 | AY40: 0.447 | AZ40: 0.72 | BA40: 1.523 | BB40: =MAX(F40:BA40) -> 1.788 | BE40: =BC40-BD40 -> 0 | BF40: 2.12 | BH40: =(BC40*24*31/1000000) -> 0 | BI40: =(BD40*24*31/1000000) -> 0 | BJ40: =BH40-BI40 -> 0 | BK40: 0 | BL40: 0 | BM40: 0 | BN40: =BK40*4 -> 0 | BO40: =BL40*4 -> 0 | BP40: =BM40*4 -> 0
E41: ГУП ЖКХ РС(Я) | F41: 9.5 | G41: 8.6 | H41: 7.6 | I41: 5.826 | K41: 3.825 | O41: 4.236 | P41: 8.19 | Q41: 11.147 | R41: 11.137 | S41: 12.784 | T41: 12.174 | U41: 9.753 | V41: 5.645 | W41: 3.864 | AA41: 42.629 | AB41: 9.012 | AC41: 14.936 | AD41: 19.532 | AE41: 19.156 | AF41: 16.441 | AG41: 10.577 | AH41: 57.376 | AI41: -45.86 | AM41: 4.223 | AN41: 8.009 | AO41: 15.204 | AP41: 20.548 | AQ41: 20.07 | AR41: 15.379 | AS41: 13.709 | AT41: 8.139 | AU41: 4.23 | AY41: 4.11 | AZ41: 7.282 | BA41: 12.265 | BB41: =MAX(F41:BA41) -> 57.376 | BC41: 186 | BD41: =(BB41/31/24)*1000 -> 77.11828 | BE41: =BC41-BD41 -> 108.88172 | BF41: 186 | BG41: 5 | BH41: =(BC41*24*31/1000000) -> 0.138384 | BI41: =(BD41*24*31/1000000) -> 0.057376 | BJ41: =BH41-BI41 -> 0.081008 | BK41: 0.415152 | BL41: 0.172128 | BM41: 0.243024 | BN41: =BK41*4 -> 1.660608 | BO41: =BL41*4 -> 0.688512 | BP41: =BM41*4 -> 0.972096
E42: с. Арыктах Школа | F42: 9.5 | G42: 8.6 | H42: 7.6 | I42: 5.826 | K42: 3.825 | O42: 4.236 | P42: 8.19 | Q42: 11.147 | R42: 11.137 | S42: 12.784 | T42: 12.174 | U42: 9.753 | V42: 5.645 | W42: 3.864 | AA42: 42.629 | AB42: 9.012 | AC42: 14.936 | AD42: 19.532 | AE42: 19.156 | AF42: 16.441 | AG42: 10.577 | AH42: 57.376 | AI42: -45.86 | AM42: 4.223 | AN42: 8.009 | AO42: 15.204 | AP42: 20.548 | AQ42: 20.07 | AR42: 15.379 | AS42: 13.709 | AT42: 8.139 | AU42: 4.23 | AY42: 4.11 | AZ42: 7.282 | BA42: 12.265 | BB42: =MAX(F42:BA42) -> 57.376 | BE42: =BC42-BD42 -> 0 | BF42: 186 | BH42: =(BC42*24*31/1000000) -> 0 | BI42: =(BD42*24*31/1000000) -> 0 | BJ42: =BH42-BI42 -> 0 | BK42: 0 | BL42: 0 | BM42: 0 | BN42: =BK42*4 -> 0 | BO42: =BL42*4 -> 0 | BP42: =BM42*4 -> 0
E43: ИП Ноговицына Александра Николаевна | F43: 0.553 | G43: 0.454 | H43: 0.279 | I43: 0.211 | P43: 0.105 | Q43: 0.403 | R43: 0.332 | S43: 0.4 | T43: 0.378 | U43: 0.254 | V43: 0.161 | W43: 0.039 | Y43: 0.006 | AB43: 0.153 | AC43: 0.306 | AD43: 0.445 | AE43: 0.462 | AF43: 0.3 | AG43: 0.283 | AH43: 0.133 | AI43: 0.083 | AM43: 0.029 | AO43: 0.424 | AP43: 0.441 | AQ43: 0.434 | AR43: 0.353 | AS43: 0.341 | AT43: 0.152 | AU43: 0.056 | AZ43: 0.11 | BA43: 0.239 | BB43: =MAX(F43:BA43) -> 0.553 | BC43: 0.9 | BD43: =(BB43/31/24)*1000 -> 0.74327957 | BE43: =BC43-BD43 -> 0.15672043 | BF43: 0.9 | BG43: 6 | BH43: =(BC43*24*31/1000000) -> 0.0006696 | BI43: =(BD43*24*31/1000000) -> 0.000553 | BJ43: =BH43-BI43 -> 0.0001166 | BK43: 0.0020088 | BL43: 0.001659 | BM43: 0.0003498 | BN43: =BK43*4 -> 0.0080352 | BO43: =BL43*4 -> 0.006636 | BP43: =BM43*4 -> 0.0013992
E44: с. Арыктах, ул. Ниджили 22/1 | F44: 0.553 | G44: 0.454 | H44: 0.279 | I44: 0.211 | P44: 0.105 | Q44: 0.403 | R44: 0.332 | S44: 0.4 | T44: 0.378 | U44: 0.254 | V44: 0.161 | W44: 0.039 | Y44: 0.006 | AB44: 0.153 | AC44: 0.306 | AD44: 0.445 | AE44: 0.462 | AF44: 0.3 | AG44: 0.283 | AH44: 0.133 | AI44: 0.083 | AM44: 0.029 | AO44: 0.424 | AP44: 0.441 | AQ44: 0.434 | AR44: 0.353 | AS44: 0.341 | AT44: 0.152 | AU44: 0.056 | AZ44: 0.11 | BA44: 0.239 | BB44: =MAX(F44:BA44) -> 0.553 | BE44: =BC44-BD44 -> 0 | BF44: 0.9 | BH44: =(BC44*24*31/1000000) -> 0 | BI44: =(BD44*24*31/1000000) -> 0 | BJ44: =BH44-BI44 -> 0 | BK44: 0 | BL44: 0 | BM44: 0 | BN44: =BK44*4 -> 0 | BO44: =BL44*4 -> 0 | BP44: =BM44*4 -> 0
E45: КЭСКИЛ ПО | F45: 1.498 | G45: 1.142 | H45: 0.595 | I45: 0.67 | K45: 0.251 | L45: 0.029 | O45: 0.104 | P45: 0.411 | Q45: 0.85 | R45: 1.052 | S45: 1.34 | T45: 1.295 | U45: 0.936 | V45: 0.718 | W45: 0.241 | AB45: 0.588 | AC45: 1.009 | AD45: 1.505 | AE45: 1.566 | AF45: 1.256 | AG45: 0.826 | AH45: 0.546 | AI45: 0.359 | AJ45: 0.081 | AN45: 0.368 | AP45: 1.379 | AQ45: 0.927 | AR45: 0.828 | AS45: 0.819 | AT45: 0.542 | AU45: 0.292 | AY45: 0.14 | AZ45: 0.311 | BA45: 0.682 | BB45: =MAX(F45:BA45) -> 1.566 | BC45: 2.105 | BD45: =(BB45/31/24)*1000 -> 2.1048387 | BE45: =BC45-BD45 -> 0.00016129032 | BF45: 1.85 | BG45: 6 | BH45: =(BC45*24*31/1000000) -> 0.00156612 | BI45: =(BD45*24*31/1000000) -> 0.001566 | BJ45: =BH45-BI45 -> 1.2e-07 | BK45: 0.00469836 | BL45: 0.004698 | BM45: 3.6e-07 | BN45: =BK45*4 -> 0.01879344 | BO45: =BL45*4 -> 0.018792 | BP45: =BM45*4 -> 1.44e-06
E46: с. Арыктах, ул. Ниджили, д. 2, магазин | F46: 1.498 | G46: 1.142 | H46: 0.595 | I46: 0.67 | K46: 0.251 | L46: 0.029 | O46: 0.104 | P46: 0.411 | Q46: 0.85 | R46: 1.052 | S46: 1.34 | T46: 1.295 | U46: 0.936 | V46: 0.718 | W46: 0.241 | AB46: 0.588 | AC46: 1.009 | AD46: 1.505 | AE46: 1.566 | AF46: 1.256 | AG46: 0.826 | AH46: 0.546 | AI46: 0.359 | AJ46: 0.081 | AN46: 0.368 | AP46: 1.379 | AQ46: 0.927 | AR46: 0.828 | AS46: 0.819 | AT46: 0.542 | AU46: 0.292 | AY46: 0.14 | AZ46: 0.311 | BA46: 0.682 | BB46: =MAX(F46:BA46) -> 1.566 | BE46: =BC46-BD46 -> 0 | BF46: 1.85 | BH46: =(BC46*24*31/1000000) -> 0 | BI46: =(BD46*24*31/1000000) -> 0 | BJ46: =BH46-BI46 -> 0 | BK46: 0 | BL46: 0 | BM46: 0 | BN46: =BK46*4 -> 0 | BO46: =BL46*4 -> 0 | BP46: =BM46*4 -> 0
E47: МБДОУ Детский сад №20 Куорэгэй | AS47: 0.247 | AT47: 0.028 | AU47: 0.022 | AY47: 0.014 | AZ47: 0.029 | BA47: 0.027 | BB47: =MAX(F47:BA47) -> 0.247 | BC47: 1.2 | BD47: =(BB47/31/24)*1000 -> 0.33198925 | BE47: =BC47-BD47 -> 0.86801075 | BF47: 1.2 | BG47: 7 | BH47: =(BC47*24*31/1000000) -> 0.0008928 | BI47: =(BD47*24*31/1000000) -> 0.000247 | BJ47: =BH47-BI47 -> 0.0006458 | BK47: 0.0026784 | BL47: 0.000741 | BM47: 0.0019374 | BN47: =BK47*4 -> 0.0107136 | BO47: =BL47*4 -> 0.002964 | BP47: =BM47*4 -> 0.0077496
E48: с. Арыктах, ул. Ниджили д. 26 (кухня) | AS48: 0.247 | AT48: 0.028 | AU48: 0.022 | AY48: 0.014 | AZ48: 0.029 | BA48: 0.027 | BB48: =MAX(F48:BA48) -> 0.247 | BE48: =BC48-BD48 -> 0 | BF48: 1.2 | BH48: =(BC48*24*31/1000000) -> 0 | BI48: =(BD48*24*31/1000000) -> 0 | BJ48: =BH48-BI48 -> 0 | BK48: 0 | BL48: 0 | BM48: 0 | BN48: =BK48*4 -> 0 | BO48: =BL48*4 -> 0 | BP48: =BM48*4 -> 0
E49: Население - Кобяйский ЭУГХ | F49: 59.839 | G49: 58.416 | H49: 35.155 | I49: 51.243 | K49: 14.213 | L49: 16.049 | M49: 4.059 | N49: 14.539 | O49: -3.076 | P49: 30.836 | Q49: 37.365 | R49: 64.864 | S49: 76.978 | T49: 48.484 | U49: 60.927 | V49: 38.49 | W49: 24.137 | X49: 11.985 | Y49: 5.993 | Z49: 6.943 | AA49: 7.391 | AB49: 35.402 | AC49: 52.162 | AD49: 73.966 | AE49: 75.52 | AF49: 64.209 | AG49: 55.66 | AH49: 41.741 | AI49: 27.397 | AJ49: 6.451 | AK49: 3.856 | AL49: 4.018 | AM49: 12.703 | AN49: 28.988 | AO49: 53.669 | AP49: 67.993 | AQ49: 91.312 | AR49: 73.658 | AS49: 47.163 | AT49: 54.479 | AU49: 24.518 | AV49: 11.385 | AW49: 3.157 | AX49: 8.708 | AY49: 12.74 | AZ49: 19.591 | BA49: 50.472 | BB49: =BB50 -> 66 | BC49: 284 | BD49: =(BB49/31/24)*1000 -> 88.709677 | BE49: =BC49-BD49 -> 195.29032 | BF49: 284 | BG49: 8 | BH49: =(BC49*24*31/1000000) -> 0.211296 | BI49: =(BD49*24*31/1000000) -> 0.066 | BJ49: =BH49-BI49 -> 0.145296 | BK49: 0.633888 | BL49: 0.273936 | BM49: 0.359952 | BN49: =BK49*4 -> 2.535552 | BO49: =BL49*4 -> 1.095744 | BP49: =BM49*4 -> 1.439808
F50: 59.839 | G50: 58.416 | H50: 35.155 | I50: 51.243 | K50: 14.213 | L50: 16.049 | M50: 4.059 | N50: 14.539 | O50: -3.076 | P50: 30.836 | Q50: 37.365 | R50: 64.864 | S50: 76.978 | T50: 48.484 | U50: 60.927 | V50: 38.49 | W50: 24.137 | X50: 11.985 | Y50: 5.993 | Z50: 6.943 | AA50: 7.391 | AB50: 35.402 | AC50: 52.162 | AD50: 73.966 | AE50: 75.52 | AF50: 64.209 | AG50: 55.66 | AH50: 41.741 | AI50: 27.397 | AJ50: 6.451 | AK50: 3.856 | AL50: 4.018 | AM50: 12.703 | AN50: 28.988 | AO50: 53.669 | AP50: 67.993 | AQ50: 91.312 | AR50: 73.658 | AS50: 47.163 | AT50: 54.479 | AU50: 24.518 | AV50: 11.385 | AW50: 3.157 | AX50: 8.708 | AY50: 12.74 | AZ50: 19.591 | BA50: 50.472 | BB50: 66 | BE50: =BC50-BD50 -> 0 | BF50: 284 | BH50: =(BC50*24*31/1000000) -> 0 | BI50: =(BD50*24*31/1000000) -> 0 | BJ50: =BH50-BI50 -> 0 | BK50: 0 | BL50: 0 | BM50: 0 | BN50: =BK50*4 -> 0 | BO50: =BL50*4 -> 0 | BP50: =BM50*4 -> 0
E51: Сахаэнерго АО | F51: 18.403 | G51: 17.294 | H51: 11.211 | I51: 18.833 | K51: 15.519 | L51: 10.282 | M51: 9.628 | N51: 9.506 | O51: 18.882 | P51: 7.08 | Q51: 10.122 | R51: 15.6 | S51: 16.12 | T51: 16.12 | U51: 15.08 | V51: 16.12 | W51: 16.12 | X51: 16.12 | Y51: 15.6 | Z51: 16.12 | AA51: 13.897 | AB51: 14.458 | AC51: 16.12 | AD51: 15.6 | AE51: 16.12 | AF51: 16.12 | AG51: 20.424 | AH51: 17.377 | AI51: 17.006 | AJ51: 14.455 | AK51: 12.86 | AL51: 13.104 | AM51: 15.381 | AN51: 18.956 | AO51: 20.077 | AP51: 17.709 | AQ51: 21.226 | AR51: 19.408 | AS51: 16.398 | AT51: 17.666 | AU51: 16.874 | AV51: 14.71 | AW51: 12.71 | AX51: 13.02 | AY51: 15.84 | AZ51: 16.368 | BA51: 15.84 | BB51: =MAX(F51:BA51) -> 21.226 | BC51: 46 | BD51: =(BB51/31/24)*1000 -> 28.52957 | BE51: =BC51-BD51 -> 17.47043 | BF51: 46 | BG51: 5 | BH51: =(BC51*24*31/1000000) -> 0.034224 | BI51: =(BD51*24*31/1000000) -> 0.021226 | BJ51: =BH51-BI51 -> 0.012998 | BK51: 0.102672 | BL51: 0.063678 | BM51: 0.038994 | BN51: =BK51*4 -> 0.410688 | BO51: =BL51*4 -> 0.254712 | BP51: =BM51*4 -> 0.155976
E52: Кобяйская ЦРБ КЦРБ ИМ.ТЕРЕХОВОЙ М.Н.ГБУ РС (Я) | F52: 18.403 | G52: 17.294 | H52: 11.211 | I52: 18.833 | K52: 15.519 | L52: 10.282 | M52: 9.628 | N52: 9.506 | O52: 18.882 | P52: 7.08 | Q52: 10.122 | R52: 15.6 | S52: 16.12 | T52: 16.12 | U52: 15.08 | V52: 16.12 | W52: 16.12 | X52: 16.12 | Y52: 15.6 | Z52: 16.12 | AA52: 13.897 | AB52: 14.458 | AC52: 16.12 | AD52: 15.6 | AE52: 16.12 | AF52: 16.12 | AG52: 20.424 | AH52: 17.377 | AI52: 17.006 | AJ52: 14.455 | AK52: 12.86 | AL52: 13.104 | AM52: 15.381 | AN52: 18.956 | AO52: 20.077 | AP52: 17.709 | AQ52: 21.226 | AR52: 19.408 | AS52: 16.398 | AT52: 17.666 | AU52: 16.874 | AV52: 14.71 | AW52: 12.71 | AX52: 13.02 | AY52: 15.84 | AZ52: 16.368 | BA52: 15.84 | BB52: =MAX(F52:BA52) -> 21.226 | BC52: 5 | BD52: =(BB52/31/24)*1000 -> 28.52957 | BE52: =BC52-BD52 -> -23.52957 | BF52: 46 | BG52: 7 | BH52: =(BC52*24*31/1000000) -> 0.00372 | BI52: 0.00066216 | BJ52: =BH52-BI52 -> 0.00305784 | BK52: 0.102672 | BL52: 0.063678 | BM52: 0.038994 | BN52: =BK52*4 -> 0.410688 | BO52: =BL52*4 -> 0.254712 | BP52: =BM52*4 -> 0.155976
A53: 4 | B53: Асыма | C53: Асыма | D53: Асыма | AP53: 13.788 | AQ53: 40.506 | AR53: 49.225 | AS53: 38.465 | AT53: 27.345 | AU53: 15.59 | AV53: 7.335 | AW53: 4.107 | AX53: 7.491 | AY53: 8.266 | AZ53: 25.052 | BA53: 31.542 | BB53: =SUM(BB54,BB56,BB58,BB60,BB62,BB65,BB69,BB71,BB73) -> 231.43 | BC53: =SUM(BC54,BC56,BC58,BC60,BC62,BC65,BC69,BC71,BC73) -> 946.3 | BD53: =SUM(BD54,BD56,BD58,BD60,BD62,BD65,BD69,BD71,BD73) -> 311.06183 | BE53: =SUM(BE54,BE56,BE58,BE60,BE62,BE65,BE69,BE71,BE73) -> 635.23817 | BF53: =SUM(BF54,BF56,BF58,BF60,BF62,BF65,BF69,BF71,BF73) -> 833.9 | BH53: =SUM(BH54,BH56,BH58,BH60,BH62,BH65,BH69,BH71,BH73) -> 0.7040472 | BI53: =SUM(BI54,BI56,BI58,BI60,BI62,BI65,BI69,BI71,BI73) -> 0.23143 | BJ53: =SUM(BJ54,BJ56,BJ58,BJ60,BJ62,BJ65,BJ69,BJ71,BJ73) -> 0.4726172 | BK53: 1.0898856 | BL53: 0.152523 | BM53: 0.9373626 | BN53: =BK53*4 -> 4.3595424 | BO53: =BL53*4 -> 0.610092 | BP53: =BM53*4 -> 3.7494504
E54: ГОРНАЯ ЦРБ ГБУ РС(Я) МЦ | AZ54: 1.616 | BA54: 0.904 | BB54: =MAX(F54:BA54) -> 1.616 | BC54: 3.3 | BD54: =(BB54/31/24)*1000 -> 2.172043 | BE54: =BC54-BD54 -> 1.127957 | BF54: 3.3 | BG54: 6 | BH54: =(BC54*24*31/1000000) -> 0.0024552 | BI54: =(BD54*24*31/1000000) -> 0.001616 | BJ54: =BH54-BI54 -> 0.0008392 | BK54: 0.0073656 | BL54: 0.004848 | BM54: 0.0025176 | BN54: =BK54*4 -> 0.0294624 | BO54: =BL54*4 -> 0.019392 | BP54: =BM54*4 -> 0.0100704
E55: РС(Я), Горный улус, с. Асыма, ул. Центральная, д. 12 (ФАП) | AZ55: 1.616 | BA55: 0.904 | BB55: =MAX(F55:BA55) -> 1.616 | BE55: =BC55-BD55 -> 0 | BF55: 3.3 | BH55: =(BC55*24*31/1000000) -> 0 | BI55: =(BD55*24*31/1000000) -> 0 | BJ55: =BH55-BI55 -> 0 | BK55: 0 | BL55: 0 | BM55: 0 | BN55: =BK55*4 -> 0 | BO55: =BL55*4 -> 0 | BP55: =BM55*4 -> 0
E56: ИП КХ Данилов Петр Петрович | AP56: 4.924 | AQ56: 5.91 | AR56: 6.235 | AS56: 4.279 | AT56: 2.293 | BB56: =MAX(F56:BA56) -> 6.235 | BC56: 10 | BD56: =(BB56/31/24)*1000 -> 8.3803763 | BE56: =BC56-BD56 -> 1.6196237 | BF56: 10 | BG56: 6 | BH56: =(BC56*24*31/1000000) -> 0.00744 | BI56: =(BD56*24*31/1000000) -> 0.006235 | BJ56: =BH56-BI56 -> 0.001205 | BK56: 0.02232 | BL56: 0.018705 | BM56: 0.003615 | BN56: =BK56*4 -> 0.08928 | BO56: =BL56*4 -> 0.07482 | BP56: =BM56*4 -> 0.01446
E57: с. Асыма, ур. Атыыр Куелэ | AP57: 4.924 | AQ57: 5.91 | AR57: 6.235 | AS57: 4.279 | AT57: 2.293 | BB57: =MAX(F57:BA57) -> 6.235 | BE57: =BC57-BD57 -> 0 | BF57: 3.3 | BH57: =(BC57*24*31/1000000) -> 0 | BI57: =(BD57*24*31/1000000) -> 0 | BJ57: =BH57-BI57 -> 0 | BK57: 0 | BL57: 0 | BM57: 0 | BN57: =BK57*4 -> 0 | BO57: =BL57*4 -> 0 | BP57: =BM57*4 -> 0
E58: ЖКХ РС(Я) ГУП | BB58: =SUM(BB59) -> 7.033 | BC58: =BF58 -> 125.6 | BD58: =(BB58/31/24)*1000 -> 9.452957 | BE58: =BC58-BD58 -> 116.14704 | BF58: 125.6 | BG58: 5 | BH58: =(BC58*24*31/1000000) -> 0.0934464 | BI58: =(BD58*24*31/1000000) -> 0.007033 | BJ58: =BH58-BI58 -> 0.0864134
E59: с.Асыма кот. "Центральная" | BB59: 7.033
E60: АДМИНИСТРАЦИЯ МО "КИРОВСКИЙ НАСЛЕГ" | BB60: =SUM(BB61) -> 0.581 | BC60: =BF61 -> 4.5 | BD60: =(BB60/31/24)*1000 -> 0.78091398 | BE60: =BC60-BD60 -> 3.719086 | BG60: 6 | BH60: =(BC60*24*31/1000000) -> 0.003348 | BI60: =(BD60*24*31/1000000) -> 0.000581 | BJ60: =BH60-BI60 -> 0.002767
E61: РС(Я), Горный улус, с.Асыма, ул. Новая, д. 22 | BB61: 0.581 | BF61: 4.5
E62: Леонтьев Спиридон Васильевич ИП | BB62: =BB63+BB64 -> 9.008 | BC62: =BF63+BF64 -> 22 | BD62: =(BB62/31/24)*1000 -> 12.107527 | BE62: =BC62-BD62 -> 9.8924731 | BG62: 6 | BH62: =(BC62*24*31/1000000) -> 0.016368 | BI62: =(BD62*24*31/1000000) -> 0.009008 | BJ62: =BH62-BI62 -> 0.00736
E63: РС(Я), Горный улус, с. Асыма, ул. Новая д. 24 (магазин) | BB63: 1.898 | BF63: 11 | BH63: =(BC63*24*31/1000000) -> 0 | BI63: =(BD63*24*31/1000000) -> 0 | BJ63: =BH63-BI63 -> 0
E64: РС(Я), Горный улус, с. Асыма, Вилюйский тр. д. 18 | BB64: 7.11 | BF64: 11 | BH64: =(BC64*24*31/1000000) -> 0 | BI64: =(BD64*24*31/1000000) -> 0 | BJ64: =BH64-BI64 -> 0
E65: Население - Горный ЭУГХ | AP65: 8.864 | AQ65: 34.596 | AR65: 42.99 | AS65: 34.186 | AT65: 25.052 | AU65: 15.59 | AV65: 7.335 | AW65: 4.107 | AX65: 7.491 | AY65: 8.266 | AZ65: 23.436 | BA65: 30.638 | BB65: =BB66 -> 118 | BC65: =BF65 -> 695 | BD65: =(BB65/31/24)*1000 -> 158.60215 | BE65: =BC65-BD65 -> 536.39785 | BF65: 695 | BG65: 8 | BH65: =(BC65*24*31/1000000) -> 0.51708 | BI65: =(BD65*24*31/1000000) -> 0.118 | BJ65: =BH65-BI65 -> 0.39908 | BK65: 1.0602 | BL65: 0.12897 | BM65: 0.93123 | BN65: =BK65*4 -> 4.2408 | BO65: =BL65*4 -> 0.51588 | BP65: =BM65*4 -> 3.72492
AP66: 8.864 | AQ66: 34.596 | AR66: 42.99 | AS66: 34.186 | AT66: 25.052 | AU66: 15.59 | AV66: 7.335 | AW66: 4.107 | AX66: 7.491 | AY66: 8.266 | AZ66: 23.436 | BA66: 30.638 | BB66: 118 | BE66: =BC66-BD66 -> 0 | BF66: 3.3 | BH66: =(BC66*24*31/1000000) -> 0 | BI66: =(BD66*24*31/1000000) -> 0 | BJ66: =BH66-BI66 -> 0 | BK66: 0 | BL66: 0 | BM66: 0 | BN66: =BK66*4 -> 0 | BO66: =BL66*4 -> 0 | BP66: =BM66*4 -> 0
E67: КИРОВСКАЯ СОШ МБОУ | AP67: 8.864 | AQ67: 34.596 | AR67: 42.99 | AS67: 34.186 | AT67: 25.052 | AU67: 15.59 | AV67: 7.335 | AW67: 4.107 | AX67: 7.491 | AY67: 8.266 | AZ67: 23.436 | BA67: 30.638 | BG67: 7 | BH67: 0.00216 | BI67: 0.0015 | BJ67: =BH67-BI67 -> 0.00066 | BK67: 1.0602 | BL67: 0.12897 | BM67: 0.93123 | BN67: =BK67*4 -> 4.2408 | BO67: =BL67*4 -> 0.51588 | BP67: =BM67*4 -> 3.72492
E68: РС(Я), Горный улус, с. Асыма, ул. Пришкольная, д. 30, корп. 1 (гараж) | AP68: 8.864 | AQ68: 34.596 | AR68: 42.99 | AS68: 34.186 | AT68: 25.052 | AU68: 15.59 | AV68: 7.335 | AW68: 4.107 | AX68: 7.491 | AY68: 8.266 | AZ68: 23.436 | BA68: 30.638 | BH68: =(BC68*24*31/1000000) -> 0 | BI68: =(BD68*24*31/1000000) -> 0 | BJ68: =BH68-BI68 -> 0 | BK68: 0 | BL68: 0 | BM68: 0 | BN68: =BK68*4 -> 0 | BO68: =BL68*4 -> 0 | BP68: =BM68*4 -> 0
E69: СИГМА ООО | BB69: =BB70 -> 55.035 | BC69: =BC70 -> 18 | BD69: =BD70 -> 73.971774 | BE69: =BE70 -> -55.971774 | BG69: 6 | BH69: =BH70 -> 0.013392 | BI69: =BI70 -> 0.055035 | BJ69: =BH69-BI69 -> -0.041643
E70: РС(Я), Горный улус, с. Асыма, ул. Чээмпи, д. 2 | BB70: 55.035 | BC70: 18 | BD70: =(BB70/31/24)*1000 -> 73.971774 | BE70: =BC70-BD70 -> -55.971774 | BH70: =(BC70*24*31/1000000) -> 0.013392 | BI70: =(BD70*24*31/1000000) -> 0.055035 | BJ70: 0
E71: Павлов Потап Николаевич ИП | BB71: =BB72 -> 11.65 | BC71: =BC72 -> 21.5 | BD71: =BD72 -> 15.658602 | BE71: =BE72 -> 5.8413978 | BG71: 6 | BH71: =BH72 -> 0.015996 | BI71: =BI72 -> 0.01165 | BJ71: =BH71-BI71 -> 0.004346
E72: РС(Я), Горный улус, с. Асыма, ул. Вилюйский тракт, д. 9 (кафе) | BB72: 11.65 | BC72: 21.5 | BD72: =(BB72/31/24)*1000 -> 15.658602 | BE72: =BC72-BD72 -> 5.8413978 | BH72: =(BC72*24*31/1000000) -> 0.015996 | BI72: =(BD72*24*31/1000000) -> 0.01165 | BJ72: 0
E73: Белый лотос ООО | BB73: =BB74 -> 22.272 | BC73: =BC74 -> 46.4 | BD73: =BD74 -> 29.935484 | BE73: =BE74 -> 16.464516 | BG73: 5 | BH73: =BH74 -> 0.0345216 | BI73: =BI74 -> 0.022272 | BJ73: =BH73-BI73 -> 0.0122496
E74: РС(Я), Горный у., с.Асыма, ул.Пришкольная 30/5 (БМК) | BB74: 22.272 | BC74: 46.4 | BD74: =(BB74/31/24)*1000 -> 29.935484 | BE74: =BC74-BD74 -> 16.464516 | BH74: =(BC74*24*31/1000000) -> 0.0345216 | BI74: =(BD74*24*31/1000000) -> 0.022272 | BJ74: 0
A75: 5 | B75: Бедимя | C75: Бедимя | D75: Бедимя | AG75: 0.351 | AH75: 3.548 | AI75: 1.194 | AJ75: 0.167 | AM75: 19.786 | AN75: 408.649 | AO75: 65.515 | AP75: 152.917 | AQ75: 96.015 | AR75: 79.006 | AS75: 69.735 | AT75: 41.145 | AU75: 17.68 | AY75: 21.103 | AZ75: 56.425 | BA75: 83.601 | BB75: =SUM(BB76,BB79,BB81,BB82,BB84,BB86,BB88) -> 589.373 | BC75: =SUM(BC76,BC79,BC81,BC82,BC84,BC86,BC88) -> 1214.328 | BD75: =SUM(BD76,BD79,BD81,BD82,BD84,BD86,BD88) -> 792.16801 | BE75: =SUM(BE76,BE79,BE81,BE82,BE84,BE86,BE88) -> 422.15999 | BF75: =SUM(BF76,BF79,BF81,BF82,BF84,BF86,BF88) -> 630.12 | BH75: =SUM(BH76,BH79,BH81,BH82,BH84,BH86,BH88) -> 0.90472723 | BI75: =SUM(BI76,BI79,BI81,BI82,BI84,BI86,BI88) -> 0.590173 | BJ75: =SUM(BJ76,BJ79,BJ81,BJ82,BJ84,BJ86,BJ88) -> 0.31455423 | BK75: 1.4048833 | BL75: 1.238625 | BM75: 0.1662583 | BN75: =BK75*4 -> 5.6195332 | BO75: =BL75*4 -> 4.9545 | BP75: =BM75*4 -> 0.66503318
E76: ГУП ЖКХ РС(Я) | AN76: 408.168 | AO76: 63.907 | AP76: 150.471 | AQ76: 93.776 | AR76: 77.257 | AS76: 68.081 | AT76: 39.926 | AU76: 17.419 | AY76: 20.978 | AZ76: 55.611 | BA76: 82.078 | BB76: =BB77+BB78 -> 408.168 | BC76: 621 | BD76: =(BB76/31/24)*1000 -> 548.6129 | BE76: =BC76-BD76 -> 72.387097 | BF76: 621 | BG76: 5 | BH76: =(BC76*24*31/1000000) -> 0.462024 | BI76: =(BD76*24*31/1000000) -> 0.408168 | BJ76: =BH76-BI76 -> 0.053856 | BK76: 1.386072 | BL76: 1.224504 | BM76: 0.161568 | BN76: =BK76*4 -> 5.544288 | BO76: =BL76*4 -> 4.898016 | BP76: =BM76*4 -> 0.646272
E77: с. Бэдимэ Квартальная | AN77: 266.976 | AP77: 99.823 | AQ77: 45.103 | AR77: 37.006 | AS77: 32.711 | AT77: 18.2 | AU77: 7.255 | AY77: 8.697 | AZ77: 17.977 | BA77: 32.188 | BB77: =MAX(F77:BA77) -> 266.976 | BE77: =BC77-BD77 -> 0 | BF77: 475 | BK77: 0 | BL77: 0 | BM77: 0 | BN77: =BK77*4 -> 0 | BO77: =BL77*4 -> 0 | BP77: =BM77*4 -> 0
E78: с. Сола (Мельджехси) ЦК | AN78: 141.192 | AO78: 63.907 | AP78: 50.648 | AQ78: 48.673 | AR78: 40.251 | AS78: 35.37 | AT78: 21.726 | AU78: 10.164 | AY78: 12.281 | AZ78: 37.634 | BA78: 49.89 | BB78: =MAX(F78:BA78) -> 141.192 | BE78: =BC78-BD78 -> 0 | BK78: 0 | BL78: 0 | BM78: 0 | BN78: =BK78*4 -> 0 | BO78: =BL78*4 -> 0 | BP78: =BM78*4 -> 0
E79: ИП Субурусская Марианна Дмитриевна | AO79: 0.758 | AP79: 1.095 | AQ79: 1.159 | AR79: 0.926 | AS79: 0.811 | AT79: 0.601 | AU79: 0.129 | AZ79: 0.396 | BA79: 0.735 | BB79: =MAX(F79:BA79) -> 1.159 | BC79: 3.5 | BD79: =(BB79/31/24)*1000 -> 1.5577957 | BE79: =BC79-BD79 -> 1.9422043 | BF79: 3.5 | BG79: 6 | BH79: =(BC79*24*31/1000000) -> 0.002604 | BI79: =(BD79*24*31/1000000) -> 0.001159 | BJ79: =BH79-BI79 -> 0.001445 | BK79: 0.007812 | BL79: 0.003477 | BM79: 0.004335 | BN79: =BK79*4 -> 0.031248 | BO79: =BL79*4 -> 0.013908 | BP79: =BM79*4 -> 0.01734
E80: с.Бедиме, ул. Г.Попова, д.4 (магазин) | AO80: 0.758 | AP80: 1.095 | AQ80: 1.159 | AR80: 0.926 | AS80: 0.811 | AT80: 0.601 | AU80: 0.129 | AZ80: 0.396 | BA80: 0.735 | BB80: =MAX(F80:BA80) -> 1.159 | BE80: =BC80-BD80 -> 0 | BK80: 0 | BL80: 0 | BM80: 0 | BN80: =BK80*4 -> 0 | BO80: =BL80*4 -> 0 | BP80: =BM80*4 -> 0
E81: УПРАВЛЕНИЕ ВЕТЕРИНАРИИ С ВЕТЕРИНАРНО-ИСПЫТАТЕЛЬНОЙ ЛАБОРАТОРИЕЙ МЕГИНО-КАНГАЛАССКОГО УЛУСА ГБУ | AG81: 0.351 | AH81: 3.548 | AI81: 1.194 | AJ81: 0.167 | AM81: 0.126 | AN81: 0.481 | AO81: 0.85 | AP81: 1.351 | AQ81: 1.08 | AR81: 0.823 | AS81: 0.843 | AT81: 0.618 | AU81: 0.132 | AY81: 0.125 | AZ81: 0.418 | BA81: 0.788 | BB81: =MAX(F81:BA81) -> 3.548 | BC81: 4.928 | BD81: =(BB81/31/24)*1000 -> 4.7688172 | BE81: =BC81-BD81 -> 0.1591828 | BF81: 2.12 | BG81: 6 | BH81: =(BC81*24*31/1000000) -> 0.003666432 | BI81: =(BD81*24*31/1000000) -> 0.003548 | BJ81: =BH81-BI81 -> 0.000118432 | BK81: 0.010999296 | BL81: 0.010644 | BM81: 0.000355296 | BN81: =BK81*4 -> 0.043997184 | BO81: =BL81*4 -> 0.042576 | BP81: =BM81*4 -> 0.001421184
E82: ИП Сергучева Ольга Николаевна | BB82: 0.67 | BC82: 4.4 | BD82: =(BB82/31/24)*1000 -> 0.90053763 | BE82: =BC82-BD82 -> 3.4994624 | BG82: 6 | BH82: =(BC82*24*31/1000000) -> 0.0032736 | BI82: =(BD82*24*31/1000000) -> 0.00067 | BJ82: =BH82-BI82 -> 0.0026036
E83: РС(Я), Мегино-Кангаласский улус, с.Бедеме, ул.Героя Попова, 6 (магазин-пекарня)
E84: АУМС МБУ | BB84: =BB85 -> 3.828 | BC84: 5.5 | BD84: =(BB84/31/24)*1000 -> 5.1451613 | BE84: =BC84-BD84 -> 0.35483871 | BF84: 3.5 | BG84: 6 | BH84: =(BC84*24*31/1000000) -> 0.004092 | BI84: =(BD84*24*31/1000000) -> 0.003828 | BJ84: =BH84-BI84 -> 0.000264 | BK84: 0.007812 | BL84: 0.003477 | BM84: 0.004335 | BN84: =BK84*4 -> 0.031248 | BO84: =BL84*4 -> 0.013908 | BP84: =BM84*4 -> 0.01734
E85: РС(Я), Мегино-Кангаласский улус, с. Бедимя, ул. Энергетиков д.12 (котельная) | BA85: 3.828 | BB85: =MAX(F85:BA85) -> 3.828 | BE85: =BC85-BD85 -> 0 | BK85: 0 | BL85: 0 | BM85: 0 | BN85: =BK85*4 -> 0 | BO85: =BL85*4 -> 0 | BP85: =BM85*4 -> 0
E86: Население - Мегино-Кангаласский ЭУГХ | BB86: =BB87 -> 172 | BC86: 575 | BD86: =(BB86/31/24)*1000 -> 231.1828 | BE86: =BC86-BD86 -> 343.8172 | BG86: 8 | BH86: =(BC86*24*31/1000000) -> 0.4278 | BI86: =(BD86*24*31/1000000) -> 0.172 | BJ86: =BH86-BI86 -> 0.2558
BB87: 172
E88: АДМИНИСТРАЦИЯ МО БЕДИМЯ | BG88: 7 | BH88: 0.0012672 | BI88: 0.0008 | BJ88: =BH88-BI88 -> 0.0004672
E89: РС(Я), Мегино-Кангаласский улус, с. Бедеме, ул. Героя-Попова д. 42 (маслоцех)
A90: 6 | B90: Беке | C90: Беке | D90: Беке | AC90: 8.634 | AD90: 22.291 | AE90: 19.015 | AF90: 17.514 | AG90: 18.681 | AH90: 7.111 | AI90: 5.641 | AJ90: 3.892 | AK90: 0.861 | AL90: 2.164 | AM90: 4.271 | AN90: 6.934 | AO90: 15.433 | AP90: 27.614 | AQ90: 31.75 | AR90: 25.558 | AS90: 19.519 | AT90: 15.52 | AU90: 6.303 | AV90: 6.304 | AW90: 0.915 | AX90: 4.333 | AY90: 5.888 | AZ90: 10.871 | BA90: 14.502 | BB90: =BB91+BB94+BB93 -> 209.64 | BC90: =BC91+BC94+BC93 -> 440.3 | BD90: =BD91+BD94+BD93 -> 281.77419 | BE90: =BE91+BE94+BE93 -> 158.52581 | BF90: =BF91+BF94+BF93 -> 539.2 | BH90: =BH91+BH94+BH93 -> 0.3275832 | BI90: =BI91+BI94+BI93 -> 0.1746882 | BJ90: =BJ91+BJ94+BJ93 -> 0.152895 | BK90: 0.098424504 | BL90: 0.09525 | BM90: 0.003174504 | BN90: =BK90*4 -> 0.39369802 | BO90: =BL90*4 -> 0.381 | BP90: =BM90*4 -> 0.012698016
E91: Население - Мегино-Кангаласский ЭУГХ | AC91: 8.634 | AD91: 22.291 | AE91: 19.015 | AF91: 17.514 | AG91: 18.681 | AH91: 7.111 | AI91: 5.641 | AJ91: 3.892 | AK91: 0.861 | AL91: 2.164 | AM91: 4.271 | AN91: 6.934 | AO91: 15.433 | AP91: 27.614 | AQ91: 31.75 | AR91: 25.558 | AS91: 19.519 | AT91: 15.52 | AU91: 6.303 | AV91: 6.304 | AW91: 0.915 | AX91: 4.333 | AY91: 5.888 | AZ91: 10.871 | BA91: 14.502 | BB91: =BB92 -> 52 | BC91: 268.4 | BD91: =(BB91/31/24)*1000 -> 69.892473 | BE91: =BC91-BD91 -> 198.50753 | BF91: 268.4 | BG91: 8 | BH91: =(BC91*24*31/1000000) -> 0.1996896 | BI91: =(BD91*24*31/1000000) -> 0.052 | BJ91: =BH91-BI91 -> 0.1476896 | BK91: 0.098424504 | BL91: 0.09525 | BM91: 0.003174504 | BN91: =BK91*4 -> 0.39369802 | BO91: =BL91*4 -> 0.381 | BP91: =BM91*4 -> 0.012698016
BB92: 52
E93: АДМИНИСТРАЦИЯ МО "ДОГДОГИНСКИЙ НАСЛЕГ" | AC93: 8.634 | AD93: 22.291 | AE93: 19.015 | AF93: 17.514 | AG93: 18.681 | AH93: 7.111 | AI93: 5.641 | AJ93: 3.892 | AK93: 0.861 | AL93: 2.164 | AM93: 4.271 | AN93: 6.934 | AO93: 15.433 | AP93: 27.614 | AQ93: 31.75 | AR93: 25.558 | AS93: 19.519 | AT93: 15.52 | AU93: 6.303 | AV93: 6.304 | AW93: 0.915 | AX93: 4.333 | AY93: 5.888 | AZ93: 10.871 | BA93: 14.502 | BB93: 35.64 | BC93: 5 | BD93: =(BB93/31/24)*1000 -> 47.903226 | BE93: =BC93-BD93 -> -42.903226 | BF93: 268.4 | BG93: 7 | BH93: =(BC93*24*31/1000000) -> 0.00372 | BI93: 0.0006882 | BJ93: =BH93-BI93 -> 0.0030318 | BK93: 0.098424504 | BL93: 0.09525 | BM93: 0.003174504 | BN93: =BK93*4 -> 0.39369802 | BO93: =BL93*4 -> 0.381 | BP93: =BM93*4 -> 0.012698016
E94: ГУП ЖКХ РС(Я) | AZ94: 9.244 | BA94: 0.868 | BB94: =BB95 -> 122 | BC94: 166.9 | BD94: =(BB94/31/24)*1000 -> 163.97849 | BE94: =BC94-BD94 -> 2.9215054 | BF94: 2.4 | BG94: 5 | BH94: =(BC94*24*31/1000000) -> 0.1241736 | BI94: =(BD94*24*31/1000000) -> 0.122 | BJ94: =BH94-BI94 -> 0.0021736 | BK94: 0.028656648 | BL94: 0.027732 | BM94: 0.000924648 | BN94: =BK94*4 -> 0.11462659 | BO94: =BL94*4 -> 0.110928 | BP94: =BM94*4 -> 0.003698592
E95: РС(Я), Мегино-Кангаласский улус, село Беке | BB95: 122 | BC95: 166.9 | BF95: 2.4 | BJ95: =BH95-BI95 -> 0
A96: 7 | B96: Берго | C96: Аргас, Новая Кальвица | D96: Аргас, Новая Кальвица | F96: 232.217 | G96: 183.035 | H96: 171.088 | I96: 180.355 | K96: 74.493 | L96: 48.822 | M96: 28.277 | N96: 43.156 | O96: 76.719 | P96: 121.542 | Q96: 186.062 | R96: 239.578 | S96: 276.884 | T96: 247.322 | U96: 211.612 | V96: 160.741 | W96: 117.996 | X96: 39.084 | Y96: 35.852 | Z96: 46.838 | AA96: 32.166 | AB96: 112.835 | AC96: 196.651 | AD96: 217.542 | AE96: 273.183 | AF96: 222.984 | AG96: 176.198 | AH96: 127.858 | AI96: 88.881 | AJ96: 52.563 | AK96: 26.653 | AL96: 35.631 | AM96: 69.095 | AN96: 116.079 | AO96: 164.367 | AP96: 211.816 | AQ96: 255.249 | AR96: 217.199 | AS96: 162.964 | AT96: 156.353 | AU96: 84.398 | AV96: 47.406 | AW96: 30.764 | AX96: 30.629 | AY96: 74.606 | AZ96: 106.204 | BA96: 170.601 | BB96: =SUM(BB97,BB99,BB101,BB103,BB105,BB107,BB109,BB111,BB114,BB116,BB118,BB121,BB124) -> 320.331 | BC96: =SUM(BC97,BC99,BC101,BC103,BC105,BC107,BC109,BC111,BC114,BC116,BC118,BC121,BC124) -> 813.393 | BD96: =SUM(BD97,BD99,BD101,BD103,BD105,BD107,BD109,BD111,BD114,BD116,BD118,BD121,BD124) -> 430.55242 | BE96: =SUM(BE97,BE99,BE101,BE103,BE105,BE107,BE109,BE111,BE114,BE116,BE118,BE121,BE124) -> 382.84058 | BF96: =SUM(BF97,BF99,BF101,BF103,BF105,BF107,BF109,BF111,BF114,BF116,BF118,BF121,BF124) -> 658.39 | BH96: =SUM(BH97,BH99,BH101,BH103,BH105,BH107,BH109,BH111,BH114,BH116,BH118,BH121,BH124) -> 0.60516439 | BI96: =SUM(BI97,BI99,BI101,BI103,BI105,BI107,BI109,BI111,BI114,BI116,BI118,BI121,BI124) -> 0.320331 | BJ96: =SUM(BJ97,BJ99,BJ101,BJ103,BJ105,BJ107,BJ109,BJ111,BJ114,BJ116,BJ118,BJ121,BJ124) -> 0.28483339 | BK96: 1.7998692 | BL96: 1.037199 | BM96: 0.76267018 | BN96: =BK96*4 -> 7.1994767 | BO96: =BL96*4 -> 4.148796 | BP96: =BM96*4 -> 3.0506807
E97: Администрация МО Куокуйский наслег | AZ97: 9.244 | BA97: 0.868 | BB97: =MAX(F97:BA97) -> 9.244 | BC97: 12.839 | BD97: =(BB97/31/24)*1000 -> 12.424731 | BE97: =BC97-BD97 -> 0.41426882 | BF97: 2.4 | BG97: 6 | BH97: =(BC97*24*31/1000000) -> 0.009552216 | BI97: =(BD97*24*31/1000000) -> 0.009244 | BJ97: =BH97-BI97 -> 0.000308216 | BK97: 0.028656648 | BL97: 0.027732 | BM97: 0.000924648 | BN97: =BK97*4 -> 0.11462659 | BO97: =BL97*4 -> 0.110928 | BP97: =BM97*4 -> 0.003698592
E98: с. Аргас, ул. Октябрьская, д.1 (Арчы диэтэ) | AZ98: 9.244 | BA98: 0.868 | BB98: =MAX(F98:BA98) -> 9.244 | BE98: =BC98-BD98 -> 0 | BF98: 2.4 | BH98: =(BC98*24*31/1000000) -> 0 | BI98: =(BD98*24*31/1000000) -> 0 | BJ98: =BH98-BI98 -> 0 | BK98: 0 | BL98: 0 | BM98: 0 | BN98: =BK98*4 -> 0 | BO98: =BL98*4 -> 0 | BP98: =BM98*4 -> 0
E99: Бэргэттэ Крестьянское хозяйство | F99: 3.013 | G99: 2.794 | H99: 1.911 | I99: 1.742 | K99: 0.544 | O99: 0.739 | P99: 1.18 | Q99: 3.143 | R99: 2.376 | AC99: 2.249 | AD99: 0.95 | AE99: 1.281 | AF99: 1.211 | AG99: 0.695 | AH99: 0.536 | AI99: 0.375 | AJ99: 0.229 | AN99: 0.518 | AO99: 0.814 | AP99: 1.38 | AQ99: 1.853 | AR99: 1.288 | AS99: 1.114 | AT99: 0.891 | AU99: 0.495 | AV99: 0.075 | AW99: 0.009 | AY99: 0.276 | AZ99: 0.491 | BA99: 0.839 | BB99: =MAX(F99:BA99) -> 3.143 | BC99: 4.365 | BD99: =(BB99/31/24)*1000 -> 4.2244624 | BE99: =BC99-BD99 -> 0.14053763 | BF99: 3 | BG99: 6 | BH99: =(BC99*24*31/1000000) -> 0.00324756 | BI99: =(BD99*24*31/1000000) -> 0.003143 | BJ99: =BH99-BI99 -> 0.00010456 | BK99: 0.00974268 | BL99: 0.009429 | BM99: 0.00031368 | BN99: =BK99*4 -> 0.03897072 | BO99: =BL99*4 -> 0.037716 | BP99: =BM99*4 -> 0.00125472
E100: с. Аргас, ул. зеленая 17/1 | F100: 3.013 | G100: 2.794 | H100: 1.911 | I100: 1.742 | K100: 0.544 | O100: 0.739 | P100: 1.18 | Q100: 3.143 | R100: 2.376 | AC100: 2.249 | AD100: 0.95 | AE100: 1.281 | AF100: 1.211 | AG100: 0.695 | AH100: 0.536 | AI100: 0.375 | AJ100: 0.229 | AN100: 0.518 | AO100: 0.814 | AP100: 1.38 | AQ100: 1.853 | AR100: 1.288 | AS100: 1.114 | AT100: 0.891 | AU100: 0.495 | AV100: 0.075 | AW100: 0.009 | AY100: 0.276 | AZ100: 0.491 | BA100: 0.839 | BB100: =MAX(F100:BA100) -> 3.143 | BE100: =BC100-BD100 -> 0 | BF100: 3 | BH100: =(BC100*24*31/1000000) -> 0 | BI100: =(BD100*24*31/1000000) -> 0 | BJ100: =BH100-BI100 -> 0 | BK100: 0 | BL100: 0 | BM100: 0 | BN100: =BK100*4 -> 0 | BO100: =BL100*4 -> 0 | BP100: =BM100*4 -> 0
E101: ГБУ РС (Я) КЦРБ ИМ.ТЕРЕХОВОЙ М.Н. | F101: 2.29 | G101: 2.109 | H101: 1.451 | I101: 1.559 | K101: 0.872 | L101: 0.187 | O101: 0.13 | P101: 1.086 | Q101: 1.84 | R101: 2.201 | S101: 3.366 | T101: 3.091 | U101: 1.96 | V101: 1.345 | W101: 0.764 | AB101: 2.08 | AC101: 2.449 | AD101: 2.811 | AE101: 3.825 | AF101: 3.25 | AG101: 1.68 | AH101: 1.668 | AI101: 1.193 | AN101: 1.695 | AO101: 2.955 | AP101: 4.105 | AQ101: 4.763 | AR101: 2.893 | AS101: 2.667 | AT101: 1.303 | AU101: 0.932 | AV101: 0.058 | AY101: 0.298 | AZ101: 0.951 | BA101: 1.674 | BB101: =MAX(F101:BA101) -> 4.763 | BC101: 6.615 | BD101: =(BB101/31/24)*1000 -> 6.4018817 | BE101: =BC101-BD101 -> 0.21311828 | BF101: 2.43 | BG101: 6 | BH101: =(BC101*24*31/1000000) -> 0.00492156 | BI101: =(BD101*24*31/1000000) -> 0.004763 | BJ101: =BH101-BI101 -> 0.00015856 | BK101: 0.01476468 | BL101: 0.014289 | BM101: 0.00047568 | BN101: =BK101*4 -> 0.05905872 | BO101: =BL101*4 -> 0.057156 | BP101: =BM101*4 -> 0.00190272
E102: с. Куокуй, ул. Юбилейная 9/1 - ФАП | F102: 2.29 | G102: 2.109 | H102: 1.451 | I102: 1.559 | K102: 0.872 | L102: 0.187 | O102: 0.13 | P102: 1.086 | Q102: 1.84 | R102: 2.201 | S102: 3.366 | T102: 3.091 | U102: 1.96 | V102: 1.345 | W102: 0.764 | AB102: 2.08 | AC102: 2.449 | AD102: 2.811 | AE102: 3.825 | AF102: 3.25 | AG102: 1.68 | AH102: 1.668 | AI102: 1.193 | AN102: 1.695 | AO102: 2.955 | AP102: 4.105 | AQ102: 4.763 | AR102: 2.893 | AS102: 2.667 | AT102: 1.303 | AU102: 0.932 | AV102: 0.058 | AY102: 0.298 | AZ102: 0.951 | BA102: 1.674 | BB102: =MAX(F102:BA102) -> 4.763 | BE102: =BC102-BD102 -> 0 | BF102: 2.43 | BH102: =(BC102*24*31/1000000) -> 0 | BI102: =(BD102*24*31/1000000) -> 0 | BJ102: =BH102-BI102 -> 0 | BK102: 0 | BL102: 0 | BM102: 0 | BN102: =BK102*4 -> 0 | BO102: =BL102*4 -> 0 | BP102: =BM102*4 -> 0
E103: Детский сад №7 АЧА Кобяйский | F103: 2 | G103: 2 | H103: 1 | O103: 1 | U103: 1 | AM103: 7.499 | AN103: 1.25 | AO103: 1.25 | BB103: =MAX(F103:BA103) -> 7.499 | BC103: 10.415 | BD103: =(BB103/31/24)*1000 -> 10.079301 | BE103: =BC103-BD103 -> 0.33569892 | BG103: 6 | BH103: =(BC103*24*31/1000000) -> 0.00774876 | BI103: =(BD103*24*31/1000000) -> 0.007499 | BJ103: =BH103-BI103 -> 0.00024976 | BK103: 0.02324628 | BL103: 0.022497 | BM103: 0.00074928 | BN103: =BK103*4 -> 0.09298512 | BO103: =BL103*4 -> 0.089988 | BP103: =BM103*4 -> 0.00299712
E104: с. Аргас, ул. Павлова 39 | F104: 2 | G104: 2 | H104: 1 | O104: 1 | U104: 1 | AM104: 7.499 | AN104: 1.25 | AO104: 1.25 | BB104: =MAX(F104:BA104) -> 7.499 | BE104: =BC104-BD104 -> 0 | BH104: =(BC104*24*31/1000000) -> 0 | BI104: =(BD104*24*31/1000000) -> 0 | BJ104: =BH104-BI104 -> 0 | BK104: 0 | BL104: 0 | BM104: 0 | BN104: =BK104*4 -> 0 | BO104: =BL104*4 -> 0 | BP104: =BM104*4 -> 0
...

Sheet форма 7 СВМ (Август 2026)
B7: ИНФОРМАЦИЯ
B8: О НАЛИЧИИ (ОТСУТСТВИИ) ТЕХНИЧЕСКОЙ ВОЗМОЖНОСТИ ДОСТУПА К РЕГУЛИРУЕМЫМ УСЛУГАМ
B9: ПО ТРАНСПОРТИРОВКЕ ГАЗА ПО ГАЗОРАСПРЕДЕЛИТЕЛЬНЫМ СЕТЯМ (С ДЕТАЛИЗАЦИЕЙ ПО ГРУППАМ ПОТРЕБЛЕНИЯ)
A10: ПО СРЕДНЕВИЛЮЙСКОМУ МЕСТОРОЖДЕНИЮ
A11: ='форма 6 СВМ (Август 2026)'!A8:BJ8 -> на Август 2026 года (факт)
B14: Группа потребления | C14: Объемы газа в соответствии с поступившими заявками тыс. куб. м | D14: Объемы газа в соответствии с удовлетворен- ными заявками, тыс. куб. м
B15: 1 | C15: 2 | D15: 3
B16: Дифференцированный тариф всего, в том числе:
B17: 1 группа | C17: =170.402*1000 -> 170402 | D17: =169.571*1000 -> 169571
B18: 2 группа | C18: 48178 | D18: 22134
B19: 3 группа | C19: 49595 | D19: 30180
B20: 4 группа | C20: 62427 | D20: 35893
B21: 5 группа | C21: 65700 | D21: 32880
B22: 6 группа | C22: 46138 | D22: 18365
B23: 7 группа | C23: 3044 | D23: 1294
B24: 8 группа (население) | C24: 178180 | D24: 60063
B25: Транзитный тариф
B26: Итого: | C26: =SUM(C17:C25) -> 623664 | D26: =SUM(D17:D25) -> 370380

Sheet форма 6 СТГКМ (Август 2026)
A1: ИНФОРМАЦИЯ
A2: О НАЛИЧИИ (ОТСУТСТВИИ) ТЕХНИЧЕСКОЙ ВОЗМОЖНОСТИ ДОСТУПА К РЕГУЛИРУЕМЫМ УСЛУГАМ
A3: ПО ТРАНСПОРТИРОВКЕ ГАЗА ПО ГАЗОРАСПРЕДЕЛИТЕЛЬНЫМ СЕТЯМ
A4: ПО СРЕДНЕТЮНГСКОМУ МЕСТОРОЖДЕНИЮ
A5: ='форма 6 СВМ (Август 2026)'!A8:BJ8 -> на Август 2026 года (факт)
A7: Точка входа в газораспреде- лительную сеть | B7: Точка выхода из газораспреде- лительной сети | C7: Наименование потребителя | D7: Номер группы газопотребления | E7: Объемы газа в соответствии с поступившими заявками млн. куб. м | F7: Объемы газа в соответствии с удовлетворен- ными заявками, млн. куб. м | G7: Свободная мощность газораспреде- лительной сети, млн. куб. м
A8: Кюбяинде | B8: Кюбяинде | E8: 0.7773552 | F8: 0.216653 | G8: 0.5607022
C9: АДМИНИСТРАЦИЯ МО ЮГЮЛЯТСКИЙ НАСЛЕГ | D9: 6 | E9: 0.003675 | F9: 0.003675 | G9: 0
C10: ГУП ЖКХ РС(Я) | D10: 5 | E10: 0.177072 | F10: 0.0593 | G10: 0.117772
C11: Кулят-Хлеб ООО | D11: 6 | E11: 0.0061752 | F11: 0.003715 | G11: 0.0024602
C12: КУЛЯТСКОЕ ПО | D12: 6 | E12: 0.0061752 | F12: 0.003544 | G12: 0.0026312
C13: Население - Вилюйский ЭУГХ | D13: 8 | E13: 0.57288 | F13: 0.139226 | G13: 0.433654
C14: СЫА БУЛУУ СХППК | D14: 5 | E14: 0.003045 | F14: 0.003045 | G14: 0
C15: ЮГЮЛЯТСКИЙ КСК САЙДАМ МБУ | D15: 6 | E15: 0.0083328 | F15: 0.004148 | G15: 0.0041848
C16: АУРИС ООО | D16: 6 | E16: 0.021 | F16: 0.009 | G16: 0.012
A17: Тылгыны (Тиэрбэс) | B17: Тылгыны (Тиэрбэс) | E17: 0.75448036 | F17: 0.215812 | G17: 0.53866836
C18: АДМИНИСТРАЦИЯ МО "ТЫЛГЫНИНСКИЙ НАСЛЕГ" | D18: 6 | E18: 0.0061752 | F18: 0.003504 | G18: 0.0026712
C19: ГУП ЖКХ РС(Я) | D19: 5 | E19: 0.19635648 | F19: 0.072 | G19: 0.12435648
C20: Кулят-Хлеб ООО | D20: 6 | E20: 0.001969 | F20: 0.001969 | G20: 0
C21: КУЛЯТСКОЕ ПО | D21: 5 | E21: 0.0081096 | F21: 0.006 | G21: 0.0021096
C22: Население - Вилюйский ЭУГХ | D22: 8 | E22: 0.5394 | F22: 0.130665 | G22: 0.408735
C23: СЫА БУЛУУ СХППК | D23: 5 | E23: 0.00247008 | F23: 0.001674 | G23: 0.00079608
A24: Усун (Кулятцы) | B24: Усун (Кулятцы) | E24: 0.828 | F24: 0.23 | G24: 0.597
C25: Жилтехсервис ООО | D25: 6 | E25: 0.01714 | F25: 0.01714 | G25: 0
C26: ГУП ЖКХ РС(Я) | D26: 5 | E26: 0.102672 | F26: 0.016278 | G26: 0.086394
C27: Кулят-Хлеб ООО | D27: 5 | E27: 0.0061752 | F27: 0.003468 | G27: 0.0027072
C28: КУЛЯТСКОЕ ПО | D28: 5 | E28: 0.0061752 | F28: 0.00268 | G28: 0.0034952
C29: Население - Вилюйский ЭУГХ | D29: 8 | E29: 0.6696 | F29: 0.166035 | G29: 0.503565
C30: ПК 1КУЛЯТЦЫ | D30: 6 | E30: 0.017067 | F30: 0.017067 | G30: 0
C31: ФГУП Почта России (АБО.ОТД), обособленное подразделение | D31: 6 | E31: 0.002194 | F31: 0.002194 | G31: 0
C32: УПРАВЛЕНИЕ ВЕТЕРИНАРИИ С ВЕТЕРИНАРНО-ИСПЫТАТЕЛЬНОЙ ЛАБОРАТОРИЕЙ ВИЛЮЙСКОГО УЛУСА (РАЙОНА) ГБУ | D32: 7 | E32: 0.0028928 | F32: 0.0028928 | G32: 0
C33: КЮЛЕТСКИЙ 1-Й НАСЛЕГ АДМИНИСТРАЦИЯ СП | D33: 6 | E33: =5*24*31/1000000 -> 0.00372 | F33: 0.002455 | G33: =E33-F33 -> 0.001265

Sheet форма 7 СТГКМ (Август 2026)
B1: ИНФОРМАЦИЯ
A2: О НАЛИЧИИ (ОТСУТСТВИИ) ТЕХНИЧЕСКОЙ ВОЗМОЖНОСТИ ДОСТУПА К РЕГУЛИРУЕМЫМ УСЛУГАМ
A3: ПО ТРАНСПОРТИРОВКЕ ГАЗА ПО ГАЗОРАСПРЕДЕЛИТЕЛЬНЫМ СЕТЯМ (С ДЕТАЛИЗАЦИЕЙ ПО ГРУППАМ ПОТРЕБЛЕНИЯ)
A4: ПО СРЕДНЕТЮНГСКОМУ МЕСТОРОЖДЕНИЮ
A5: ='форма 6 СВМ (Август 2026)'!A8:BJ8 -> на Август 2026 года (факт)
B7: Группа потребления | C7: Объемы газа в соответствии с поступившими заявками тыс. куб. м | D7: Объемы газа в соответствии с удовлетворен- ными заявками, тыс. куб. м
B8: 1 | C8: 2 | D8: 3
B9: Дифференцированный тариф всего, в том числе:
B10: 1 группа
B11: 2 группа
B12: 3 группа
B13: 4 группа
B14: 5 группа | C14: 502 | D14: 164
B15: 6 группа | C15: 94 | D15: 68
B16: 7 группа | C16: 3 | D16: 3
B17: 8 группа (население) | C17: 1782 | D17: 436
B18: Транзитный тариф
B19: Итого: | C19: =C14+C15+C17+C16 -> 2381 | D19: =D14+D15+D17+D16 -> 671

Sheet форма 6 ОГКМ (Август 2026)
A1: ИНФОРМАЦИЯ
A2: О НАЛИЧИИ (ОТСУТСТВИИ) ТЕХНИЧЕСКОЙ ВОЗМОЖНОСТИ ДОСТУПА К РЕГУЛИРУЕМЫМ УСЛУГАМ
A3: ПО ТРАНСПОРТИРОВКЕ ГАЗА ПО ГАЗОРАСПРЕДЕЛИТЕЛЬНЫМ СЕТЯМ
A4: АО "САХАТРАНСНЕФТЕГАЗ"
A5: ПО ОТРАДНИНСКОМУ ГАЗОКОНДЕНСАТНОМУ МЕСТОРОЖДЕНИЮ
A6: ='форма 7 СТГКМ (Август 2026)'!A5:E5 -> на Август 2026 года (факт)
A8: Точка входа в газораспреде- лительную сеть | B8: Точка выхода из газораспреде- лительной сети | C8: Наименование потребителя | D8: Номер группы газопотребления | E8: Объемы газа в соответствии с поступившими заявками млн. куб. м | F8: Объемы газа в соответствии с удовлетворен- ными заявками, млн. куб. м | G8: Свободная мощность газораспреде- лительной сети, млн. куб. м
A9: Ленск | B9: Ленск | E9: =E10 -> 0.115 | F9: =F10 -> 0.115 | G9: =E9-F9 -> 0
C10: ООО "ГДК Ленск-Газ" | D10: 5 | E10: 0.115 | F10: 0.115 | G10: =E10-F10 -> 0

Sheet форма 7 ОГКМ (Август 2026)
A1: ИНФОРМАЦИЯ
A2: О НАЛИЧИИ (ОТСУТСТВИИ) ТЕХНИЧЕСКОЙ ВОЗМОЖНОСТИ ДОСТУПА К РЕГУЛИРУЕМЫМ УСЛУГАМ
A3: ПО ТРАНСПОРТИРОВКЕ ГАЗА ПО ГАЗОРАСПРЕДЕЛИТЕЛЬНЫМ СЕТЯМ (С ДЕТАЛИЗАЦИЕЙ ПО ГРУППАМ ПОТРЕБЛЕНИЯ)
A4: АО "САХАТРАНСНЕФТЕГАЗ"
A5: ПО ОТРАДНИНСКОМУ ГАЗОКОНДЕНСАТНОМУ МЕСТОРОЖДЕНИЮ
A6: ='форма 6 ОГКМ (Август 2026)'!A6:G6 -> на Август 2026 года (факт)
A8: Группа потребления | B8: Объемы газа в соответствии с поступившими заявками тыс. куб. м | C8: Объемы газа в соответствии с удовлетворен- ными заявками, тыс. куб. м
A9: 1 | B9: 2 | C9: 3
A10: Дифференцированный тариф всего, в том числе:
A11: 1 группа
A12: 2 группа
A13: 3 группа
A14: 4 группа
A15: 5 группа | B15: 115 | C15: 115
A16: 6 группа
A17: 7 группа
A18: 8 группа (население)
A19: Транзитный тариф
A20: Итого: | B20: =B15 -> 115 | C20: =C15 -> 115
